[Event "ICC tourney 2097 (40 10)"]
[Site "Internet Chess Club"]
[Date "2020.11.01"]
[Round "3"]
[White "mnm1"]
[Black "angelpawn"]
[Result "1/2-1/2"]
[ICCResult "Game drawn by mutual agreement"]
[WhiteElo "1476"]
[BlackElo "1574"]
[Opening "Sicilian: Prins (Moscow) variation"]
[ECO "B55"]
[NIC "SI.01"]
[Time "15:31:38"]
[TimeControl "2400+10"]

1. e4 c5 2. Nf3 d6 3. d4 cxd4 4. Nxd4 Nf6 5. f3 g6 6. c4 Bg7 7. Be3 Nc6 8.
Nc3 Qa5 9. Be2 Bd7 10. O-O O-O 11. Rc1 a6 12. Nd5 Nxd5 13. cxd5 Ne5 14. Qb3
Bc8 15. Rc2 Nd7 16. Rfc1 Nc5 17. Qc3 Qxc3 18. Rxc3 Re8 19. b4 Nd7 20. Bc4
Ne5 21. a4 Nxc4 22. Rxc4 Bd7 23. a5 Rec8 24. Kf2 Rxc4 25. Rxc4 Rc8 26. Rxc8+
Bxc8 27. Ke2 h5 28. h4 Bd7 29. Kd3 Bf6 30. g3 Kf8 31. Nc2 e5 32. Na3 Ke8 33.
Nc4 Bb5 34. Kc3 Bxc4 35. Kxc4 Kd7 36. b5 Bd8 37. bxa6 bxa6 38. Bb6 Be7 39.
Kd3 f6 40. Ke3 Ke8 41. f4 Kf7 42. Kf3 Kg7 43. g4 Kh6 44. f5 gxf5 45. gxf5
Kg7 46. Bc7 Kf7 47. Ke3 Ke8 48. Kd3 Kd7 49. Bb6 Kc8 50. Kc4 Bf8 51. Be3 Kd7
52. Kb4 Ke7 53. Kc4 Kf7 54. Kb4 Kg8 55. Kc4 Kh7 56. Bb6 Kg7 57. Bd8 Kf7 58.
Kd3 Bh6 59. Bb6 Bf4 60. Bf2 Bc1 61. Be3 Ba3 62. Kc4 Bb2 63. Kd3 Ke7 64. Kc4
Kd7 65. Kb3 Ba1 66. Kc4 Bb2 67. Kb3 Ba1 68. Kc4 {Game drawn by mutual
agreement} 1/2-1/2

[Event "ICC tourney 2097 (40 10)"]
[Site "Internet Chess Club"]
[Date "2020.11.01"]
[Round "3"]
[White "loveEdinburgh"]
[Black "Niteshc"]
[Result "1-0"]
[ICCResult "Black checkmated"]
[WhiteElo "1860"]
[BlackElo "1623"]
[Opening "King's Indian: 4.e4"]
[ECO "E70"]
[NIC "KI.32"]
[Time "15:31:19"]
[TimeControl "2400+10"]

1. d4 Nf6 2. c4 g6 3. Nc3 Bg7 4. e4 O-O 5. Bd3 d6 6. Nge2 Nbd7 7. O-O e5 8.
d5 Nc5 9. Bc2 Nh5 10. f3 f5 11. exf5 gxf5 12. b4 Nd7 13. Rb1 Ndf6 14. Be3 c6
15. c5 b6 16. Bb3 Kh8 17. dxc6 bxc5 18. bxc5 Ne8 19. cxd6 Qxd6 20. Qxd6 Nxd6
21. Bc5 Rf6 22. Rfd1 Bf8 23. Bd5 Ba6 24. c7 Rc8 25. Rb8 Kg7 26. Bxa7 Rxc7
27. Bb6 Rc8 28. Rxc8 Nxc8 29. Bc7 Bc5+ 30. Kf1 Nd6 31. Ke1 Bb4 32. Rc1 Kh6
33. Kd1 Ba3 34. Rb1 Bc5 35. Rc1 Bc4 36. Bxc4 Nxc4 37. Nd5 Ne3+ 38. Nxe3 Bxe3
39. Rc3 Bd4 40. Nxd4 exd4 41. Rd3 Ra6 42. Rxd4 Rxa2 43. Rd2 Rxd2+ 44. Kxd2
Kg6 45. Be5 Kf7 46. f4 Ke6 47. Ke3 Nf6 48. Bxf6 Kxf6 49. Kd4 h5 50. h4 Ke6
51. Kc5 Kf6 52. Kd6 Kf7 53. Ke5 Kg6 54. Ke6 Kg7 55. Kxf5 Kf7 56. Kg5 Kg7 57.
Kxh5 Kh7 58. Kg5 Kg7 59. Kf5 Kf7 60. Ke5 Ke7 61. f5 Kf7 62. f6 Ke8 63. Ke6
Kf8 64. f7 Kg7 65. Ke7 Kg6 66. f8=Q Kh7 67. Qf5+ Kh8 68. Qg5 Kh7 69. Kf7 Kh8
70. Qh6# {Black checkmated} 1-0

[Event "ICC tourney 2097 (40 10)"]
[Site "Internet Chess Club"]
[Date "2020.11.01"]
[Round "3"]
[White "doudou2011"]
[Black "crazyhorse9"]
[Result "0-1"]
[ICCResult "White checkmated"]
[WhiteElo "1395"]
[BlackElo "1452"]
[Opening "King's Indian: fianchetto without c4"]
[ECO "A49"]
[NIC "KI.79"]
[Time "15:32:11"]
[TimeControl "2400+10"]

1. d4 Nf6 2. Nf3 g6 3. g3 Bg7 4. Bg2 d6 5. O-O O-O 6. c4 Nbd7 7. b3 e5 8.
Bb2 Ne8 9. Qc2 f5 10. Rd1 e4 11. Nfd2 Qg5 12. e3 Qh5 13. Nc3 Ndf6 14. h3 g5
15. Nd5 Be6 16. Nxf6+ Nxf6 17. d5 Bd7 18. Bxf6 Rxf6 19. Rac1 Rh6 20. c5 f4
21. g4 Bxg4 22. hxg4 Qh2+ 23. Kf1 fxe3 24. Nxe4 Rf8 25. cxd6 cxd6 26. Qe2
exf2 27. Nxf2 Be5 28. Bf3 Rhf6 29. Rd3 Qg3 30. Rc2 Rxf3 31. Rxf3 Rxf3 32.
Rc8+ Kg7 33. Rc7+ Kh6 34. Rxb7 Bd4 35. Qe6+ Rf6 36. Rxh7+ Kxh7 37. Qe4+ Kh6
38. Qxd4 Qf4 39. Qxa7 Qc1+ 40. Kg2 Qf4 41. a4 Qf3+ 42. Kg1 Qg3+ 43. Kf1 Qxb3
44. Qe7 Qf3 45. Qa7 Qd3+ 46. Ke1 Qc3+ 47. Kf1 Qf3 48. a5 Qxg4 49. a6 Qa4 50.
Qe7 Qxa6+ 51. Kg2 Rg6 52. Ng4+ Kh5 53. Qh7+ Kxg4 54. Qxg6 Qa2+ 55. Kf1 Qxd5
56. Qc2 Qf5+ 57. Qxf5+ Kxf5 58. Kf2 Kf4 59. Kg2 g4 60. Kf2 g3+ 61. Kg2 d5
62. Kf1 d4 63. Ke2 g2 64. Kf2 d3 65. Kxg2 d2 66. Kf2 d1=Q 67. Kg2 Qd3 68.
Kh2 Kg4 69. Kh1 Kg3 70. Kg1 Qd1# {White checkmated} 0-1

[Event "ICC tourney 2097 (40 10)"]
[Site "Internet Chess Club"]
[Date "2020.11.01"]
[Round "3"]
[White "ScoutViolet"]
[Black "Joshua1"]
[Result "1/2-1/2"]
[ICCResult "Game drawn by mutual agreement"]
[WhiteElo "1656"]
[BlackElo "1853"]
[Opening "Sicilian: Kan, 5.Nc3"]
[ECO "B43"]
[NIC "SI.41"]
[Time "15:31:19"]
[TimeControl "2400+10"]

1. e4 c5 2. Nf3 e6 3. d4 cxd4 4. Nxd4 a6 5. Nc3 Qc7 6. Be3 Bb4 7. Qd2 Nf6 8.
f3 d5 9. Bd3 e5 10. Nde2 d4 11. Nxd4 exd4 12. Bxd4 Nbd7 13. O-O Bc5 14. Qe3
Bxd4 15. Qxd4 Qb6 16. Qxb6 Nxb6 17. a4 Be6 18. b3 Rc8 19. Ne2 O-O 20. Nd4
Rfd8 21. Nxe6 fxe6 22. Rad1 a5 23. f4 Rd4 24. e5 Ne4 25. Bc4 Rxd1 26. Bxe6+
Kf8 27. Rxd1 Rxc2 28. Bf5 Rd2 29. Rc1 Rd4 30. Bxh7 Nd5 31. Bxe4 Rxe4 32. g3
Rb4 33. Rc5 Nb6 34. Rxa5 Rxb3 35. Ra7 Nc4 36. a5 Rb2 37. a6 bxa6 38. Rxa6
Nd2 39. h4 Ne4 40. Ra8+ Kf7 41. Ra7+ Kg6 42. f5+ Kxf5 43. Rxg7 Kxe5 44. h5
Kf6 45. Rg6+ Kf7 46. Rg4 Nf6 47. Rf4 Kg7 48. g4 Nd5 49. Rf2 Rb1+ 50. Rf1 Rb3
51. Rf5 Ne3 52. Rg5+ Kh6 53. Rg6+ Kh7 54. g5 Nd5 55. Rh6+ Kg7 56. Rg6+ Kf7
57. Rd6 Ne3 58. g6+ Kg8 59. Rd8+ Kg7 60. Rd7+ Kg8 61. Rd8+ Kg7 62. Rd7+
{Game drawn by mutual agreement}
1/2-1/2

[Event "ICC tourney 2097 (40 10)"]
[Site "Internet Chess Club"]
[Date "2020.11.01"]
[Round "4"]
[White "ChessStar22"]
[Black "aakashjr"]
[Result "0-1"]
[ICCResult "White checkmated"]
[WhiteElo "1430"]
[BlackElo "1606"]
[Opening "QGD: 3...Nf6"]
[ECO "D35"]
[NIC "QO.16"]
[Time "17:46:40"]
[TimeControl "2400+10"]

1. d4 d5 2. c4 e6 3. Nc3 Nf6 4. e3 Bb4 5. cxd5 exd5 6. Bd2 Nc6 7. a3 Bxc3 8.
Bxc3 Bf5 9. Bd3 Bxd3 10. Qxd3 O-O 11. Nf3 Re8 12. O-O Ne4 13. Nd2 Nxd2 14.
Qxd2 Qd7 15. h3 Ne7 16. b4 Nf5 17. a4 Re6 18. Rfe1 Rg6 19. Kh1 Nh4 20. g4
Rxg4 21. hxg4 Qxg4 22. f4 Nf3 23. Re2 Nxd2 24. Rxd2 Qf3+ 25. Kg1 Qxe3+ 26.
Kg2 Qxc3 27. Rdd1 Qxb4 28. Rab1 Qxa4 29. Rd2 Re8 30. Rxb7 Qc6 31. Rdb2 Qg6+
32. Kf2 h6 33. Rxc7 Qe4 34. Rbb7 Qxf4+ 35. Kg2 Re2+ 36. Kg1 Qf2+ 37. Kh1
Qf1# {White checkmated} 0-1

[Event "ICC tourney 2097 (40 10)"]
[Site "Internet Chess Club"]
[Date "2020.11.01"]
[Round "4"]
[White "crazyhorse9"]
[Black "Hrushichess"]
[Result "1-0"]
[ICCResult "Black resigns"]
[WhiteElo "1450"]
[BlackElo "1612"]
[Opening "French defense, Steiner variation"]
[ECO "C00"]
[NIC "FR.01"]
[Time "17:47:29"]
[TimeControl "2400+10"]

1. e4 e6 2. c4 d5 3. cxd5 exd5 4. Qb3 dxe4 5. Bc4 Qe7 6. Nc3 Nf6 7. d3 exd3+
8. Be3 Ng4 9. Nd5 Qd6 10. Nf3 Nxe3 11. fxe3 c6 12. Nc3 b5 13. Bxf7+ Kd8 14.
O-O Be7 15. Ne4 Qd7 16. Rad1 Kc7 17. Ne5 Qd8 18. Rxd3 Nd7 19. Nxc6 Kxc6 20.
Bd5+ Kb6 21. Bxa8 Ba6 22. Qe6+ Ka5 23. Rxd7 Qxa8 24. Qxe7 Bb7 25. Rxb7 Ka6
26. Nc5+ {Black resigns} 1-0

[Event "ICC tourney 2097 (40 10)"]
[Site "Internet Chess Club"]
[Date "2020.11.01"]
[Round "4"]
[White "Niteshc"]
[Black "yanje03"]
[Result "1-0"]
[ICCResult "Black checkmated"]
[WhiteElo "1639"]
[BlackElo "1468"]
[Opening "Sicilian: Smith-Morra gambit"]
[ECO "B21"]
[NIC "SI.48"]
[Time "17:46:38"]
[TimeControl "2400+10"]

1. e4 c5 2. d4 cxd4 3. c3 dxc3 4. Nxc3 Nc6 5. Nf3 e6 6. Bc4 Nge7 7. O-O Ng6
8. Qe2 Be7 9. Rd1 O-O 10. Be3 a6 11. Rac1 b5 12. Bb3 Bb7 13. Qd2 d6 14. Ne1
Qc7 15. Nd5 exd5 16. exd5 Qd7 17. dxc6 Bxc6 18. Bd5 Bxd5 19. Qxd5 Rac8 20.
Nd3 Qe6 21. Nb4 a5 22. Nc6 Bf6 23. b3 Qxd5 24. Rxd5 Ne7 25. Nxe7+ Bxe7 26.
Rxb5 Rxc1+ 27. Bxc1 Rc8 28. Bd2 h6 29. Rxa5 Rc2 30. Be3 Rb2 31. Kf1 Rb1+ 32.
Ke2 Rg1 33. g3 Rh1 34. h4 f6 35. b4 g5 36. hxg5 fxg5 37. b5 Rb1 38. b6 Rb2+
39. Kf3 Kf7 40. Ra7 Ke6 41. a4 h5 42. a5 g4+ 43. Kg2 d5 44. b7 Bd6 45. Bb6
Rb4 46. Ra8 d4 47. b8=Q Bxb8 48. Rxb8 d3 49. Rd8 Rb3 50. Be3 Ra3 51. Ra8 Ra2
52. a6 d2 53. Bxd2 Rxd2 54. a7 Ra2 55. Re8+ Kd7 56. a8=Q Rxa8 57. Rxa8 Ke6
58. Rh8 Kf6 59. Rxh5 Kg6 60. Rh4 Kg5 61. Rxg4+ Kxg4 62. f4 Kf5 63. Kf3 Kg6
64. g4 Kf6 65. f5 Kg5 66. Ke4 Kxg4 67. f6 Kg5 68. f7 Kf6 69. f8=Q+ Ke6 70.
Qd8 Kf7 71. Kf5 Kg7 72. Qe7+ Kg8 73. Kg6 Kh8 74. Qf8# {Black checkmated} 1-0

[Event "ICC tourney 2097 (40 10)"]
[Site "Internet Chess Club"]
[Date "2020.11.01"]
[Round "4"]
[White "angelpawn"]
[Black "doudou2011"]
[Result "1-0"]
[ICCResult "Black checkmated"]
[WhiteElo "1588"]
[BlackElo "1401"]
[Opening "QGD: 4.Nf3"]
[ECO "D37"]
[NIC "QP.08"]
[Time "17:47:00"]
[TimeControl "2400+10"]

1. d4 d5 2. c4 e6 3. Nf3 Nf6 4. Nc3 Be7 5. e3 Nbd7 6. cxd5 Nxd5 7. Bd3 O-O
8. O-O b6 9. e4 Nb4 10. Bb1 Ba6 11. Re1 c5 12. a3 Nc6 13. d5 Na5 14. d6 Bh4
15. g3 Bf6 16. e5 Nxe5 17. Nxe5 Bxe5 18. Rxe5 Bc4 19. Bc2 Nc6 20. Rh5 g6 21.
Ne4 gxh5 22. Qxh5 f5 23. Ng5 Qd7 24. b3 Bd5 25. Bb2 Nd4 26. Bd3 Qe8 27.
Qxh7# {Black checkmated} 1-0

[Event "ICC tourney 2097 (40 10)"]
[Site "Internet Chess Club"]
[Date "2020.11.01"]
[Round "4"]
[White "wahoo"]
[Black "chesslin"]
[Result "0-1"]
[ICCResult "White checkmated"]
[WhiteElo "1628"]
[BlackElo "1840"]
[Opening "Robatsch (modern) defense"]
[ECO "B06"]
[NIC "KF.05"]
[Time "17:46:39"]
[TimeControl "2400+10"]

1. e4 g6 2. d4 Bg7 3. Nc3 d6 4. Be3 a6 5. Nf3 Nf6 6. Bc4 b5 7. Bd3 Bb7 8. d5
c6 9. a3 cxd5 10. exd5 O-O 11. Be2 Nbd7 12. O-O Nb6 13. Bxb6 Qxb6 14. Qd2
Rac8 15. Rad1 Rc7 16. h3 Rfc8 17. Rfe1 Rxc3 18. bxc3 Nxd5 19. Qg5 Bf6 20.
Qg4 Nxc3 21. Rd3 h5 22. Qd7 Rd8 23. Qxd8+ Qxd8 24. Nd4 Nxe2+ 25. Rxe2 Qb6
26. Nf3 Qc5 27. Rde3 e5 28. Ne1 Bg5 29. Rd3 e4 30. Rg3 Bf4 31. Rb3 Bd5 32.
Rb1 Qc4 33. Nd3 exd3 34. Re8+ Kg7 35. cxd3 Qxd3 36. Rbe1 Be5 37. Re7 Kf6 38.
Re8 Qd2 39. Rf1 Qg5 40. g3 Qf5 41. Rxe5 Qxe5 42. f3 Qxg3+ 43. Kh1 Qxh3+ 44.
Kg1 Qg3+ 45. Kh1 Bxf3+ 46. Rxf3+ Qxf3+ 47. Kg1 Qe2 48. a4 bxa4 49. Kh1 a3
50. Kg1 a2 51. Kh1 a1=Q# {White checkmated} 0-1

[Event "ICC tourney 2097 (40 10)"]
[Site "Internet Chess Club"]
[Date "2020.11.01"]
[Round "4"]
[White "Deveshc"]
[Black "happyscientist"]
[Result "0-1"]
[ICCResult "White checkmated"]
[WhiteElo "1474"]
[BlackElo "1742"]
[Opening "Giuoco Piano"]
[ECO "C50"]
[NIC "IG.02"]
[Time "17:46:54"]
[TimeControl "2400+10"]

1. e4 e5 2. Nf3 Nc6 3. Bc4 Bc5 4. O-O Nf6 5. d4 Bxd4 6. Nxd4 Nxd4 7. f4 Nc6
8. Bxf7+ Kxf7 9. fxe5 Nxe5 10. Qh5+ Kg8 11. Qxe5 d6 12. Qd4 Be6 13. Bg5 Kf7
14. Nc3 c5 15. Qf2 Bc4 16. Rfd1 Re8 17. b3 Ba6 18. Nd5 Re5 19. Nxf6 gxf6 20.
Bf4 Rxe4 21. Bxd6 Re2 22. Qxc5 Qe8 23. Qh5+ Kg7 24. Qg4+ Qg6 25. Qxg6+ Kxg6
26. c4 b5 27. c5 Bb7 28. g3 Rg2+ 29. Kf1 Rxh2 30. b4 a5 31. bxa5 Rxa5 32. a3
b4 33. c6 Bxc6 34. Bxb4 Rf5+ 35. Ke1 Bb5 36. Rd3 Bxd3 37. Kd1 Rf1+ 38. Be1
Bc2+ 39. Kc1 Rxe1+ 40. Kb2 Bf5+ 41. Kb3 Rxa1 42. Kc4 Rc1+ 43. Kd4 Re2 44.
Kd5 Rd1+ 45. Kc4 Rc2+ 46. Kb3 Rb1+ 47. Ka4 Rc8 48. Ka5 Ra8# {White
checkmated} 0-1

[Event "ICC tourney 2097 (40 10)"]
[Site "Internet Chess Club"]
[Date "2020.11.01"]
[Round "4"]
[White "Joshua1"]
[Black "MadiChesskid"]
[Result "1-0"]
[ICCResult "Black checkmated"]
[WhiteElo "1864"]
[BlackElo "1345"]
[Opening "QGD: exchange, positional line"]
[ECO "D35"]
[NIC "QO.16"]
[Time "17:46:43"]
[TimeControl "2400+10"]

1. d4 d5 2. c4 e6 3. Nc3 Nf6 4. cxd5 exd5 5. Bg5 Bb4 6. Qc2 Nc6 7. e3 O-O 8.
Bd3 h6 9. Bh4 Re8 10. Ne2 Qd6 11. a3 Bxc3+ 12. bxc3 Bg4 13. f3 Bd7 14. Bf2
Na5 15. O-O Nc4 16. e4 Nxa3 17. Qb3 dxe4 18. fxe4 Nxe4 19. Qxa3 Qxa3 20.
Rxa3 Nxf2 21. Rxf2 Re3 22. Bc4 Be6 23. d5 Bg4 24. h3 Bh5 25. Nf4 Bd1 26. d6
cxd6 27. Bxf7+ Kh8 28. Bg6 Rf8 29. Rxa7 Re1+ 30. Kh2 Re3 31. Nd5 Rxf2 32.
Ra8+ Re8 33. Rxe8+ Rf8 34. Rxf8# {Black checkmated} 1-0

[Event "ICC tourney 2097 (40 10)"]
[Site "Internet Chess Club"]
[Date "2020.11.01"]
[Round "4"]
[White "awakeflood"]
[Black "ScoutViolet"]
[Result "1-0"]
[ICCResult "Black resigns"]
[WhiteElo "1807"]
[BlackElo "1638"]
[Opening "Giuoco Piano"]
[ECO "C50"]
[NIC "IG.02"]
[Time "17:46:50"]
[TimeControl "2400+10"]

1. e4 e5 2. Nf3 Nc6 3. Bc4 Bc5 4. O-O Nf6 5. d4 Bxd4 6. Nxd4 Nxd4 7. f4 Nc6
8. Bxf7+ Kxf7 9. fxe5 Nxe5 10. Qd5+ Kf8 11. Qxe5 d6 12. Qc3 Be6 13. Bg5 Kf7
14. Na3 c6 15. Rf2 Rf8 16. Raf1 Kg6 17. Qg3 Nxe4 18. Bxd8+ Nxg3 19. Rxf8
Nxf1 20. Kxf1 d5 21. Be7 Rxf8+ 22. Bxf8 b6 23. Ke2 Kf7 24. Bd6 g6 25. b4 Bf5
26. Bb8 a6 27. c4 Be4 28. g3 Ke6 29. Ke3 Bf5 30. b5 axb5 31. cxb5 cxb5 32.
Nxb5 Bb1 33. Nc3 Bc2 34. Bc7 Kf5 35. h3 g5 36. Kd2 Be4 37. Nxe4 Kxe4 38.
Bxb6 d4 39. a4 Kd5 40. a5 Kc6 41. Kd3 h5 42. Kxd4 {Black resigns} 1-0

[Event "ICC tourney 2097 (40 10)"]
[Site "Internet Chess Club"]
[Date "2020.11.01"]
[Round "4"]
[White "Threehundreds"]
[Black "VirginiaGuy"]
[Result "0-1"]
[ICCResult "White resigns"]
[WhiteElo "1445"]
[BlackElo "1415"]
[Opening "Petrov: Nimzovich attack"]
[ECO "C42"]
[NIC "RG.03"]
[Time "17:46:42"]
[TimeControl "2400+10"]

1. e4 e5 2. Nf3 Nf6 3. Nxe5 d6 4. Nf3 Nxe4 5. Nc3 Nxc3 6. dxc3 Nd7 7. Be3
Be7 8. Qd2 O-O 9. O-O-O Nf6 10. h3 Be6 11. Kb1 Qd7 12. Nd4 Bd5 13. c4 Be4
14. f3 Bg6 15. Bd3 Bxd3 16. Qxd3 Qa4 17. Rhe1 Rfe8 18. g4 Nd7 19. Nb3 Ne5
20. Qe4 Qxc4 21. Rd4 Qc6 22. Qxc6 Nxc6 23. Re4 Bh4 24. Rxe8+ Rxe8 25. Re2
Bg5 26. Bxg5 Rxe2 27. Kc1 f6 28. Bf4 Rf2 29. Nd2 Ne5 30. Be3 Rh2 31. Kd1
Rxh3 32. Ke2 h5 33. gxh5 Rxh5 34. Bxa7 Nc6 35. Bf2 Ra5 36. a3 Re5+ 37. Kd3
Rh5 38. Ke2 Kf7 39. Kd3 Ne5+ 40. Ke2 Rh3 41. b3 Rh2 42. Ke3 g5 43. Nf1 Rh1
44. Ke2 Rh8 45. a4 Re8 46. Be3 Nc6 47. Kd3 Ne5+ 48. Ke2 Kg6 49. Nd2 f5 50.
Nf1 f4 51. Bd2 Nc4+ 52. Kf2 Nxd2 53. Nxd2 Kf5 54. Nf1 Re5 55. Nd2 Re3 56. c4
Rd3 57. Ke2 Rc3 58. Kd1 g4 59. fxg4+ Kxg4 60. Ke2 Rc2 61. Kd1 Rxd2+ 62. Kxd2
Kg3 {White resigns} 0-1

[Event "ICC tourney 2097 (40 10)"]
[Site "Internet Chess Club"]
[Date "2020.11.01"]
[Round "4"]
[White "keb2020"]
[Black "WizardY"]
[Result "1/2-1/2"]
[ICCResult "Game drawn by mutual agreement"]
[WhiteElo "1828"]
[BlackElo "1641"]
[Opening "Van't Kruijs opening"]
[ECO "A00"]
[Time "17:46:43"]
[TimeControl "2400+10"]

1. e3 e5 2. b3 Nf6 3. Bb2 Nc6 4. Bb5 d6 5. Nf3 Be7 6. O-O O-O 7. h3 a6 8.
Be2 Bf5 9. d4 exd4 10. Nxd4 Nxd4 11. Bxd4 h6 12. Nd2 d5 13. Nf3 Ne4 14. Bd3
Bh7 15. Nd2 Nxd2 16. Bxh7+ Kxh7 17. Qxd2 Kg8 18. Rad1 c6 19. Qe2 Qc7 20.
Rfe1 Rad8 21. e4 dxe4 22. Qxe4 Rfe8 23. Qg4 Bf8 24. Rxe8 Rxe8 25. Be3 Re6
26. a4 Rd6 27. Rxd6 Qxd6 28. Bf4 Qe6 29. Qxe6 fxe6 30. f3 b5 31. axb5 cxb5
32. Kf2 Kf7 33. Ke3 Kf6 34. Bc7 Bb4 35. f4 Ke7 36. Be5 g6 37. g4 Bd6 38. Kd4
a5 39. c4 bxc4 40. Kxc4 Bb4 41. Kb5 Kd7 42. Kb6 Bd2 43. Kb7 Bb4 44. Kb6 Bd2
45. h4 h5 46. gxh5 {Game drawn by mutual agreement} 1/2-1/2

[Event "ICC tourney 2097 (40 10)"]
[Site "Internet Chess Club"]
[Date "2020.11.01"]
[Round "4"]
[White "gmcarebear999"]
[Black "atevifred"]
[Result "1-0"]
[ICCResult "Black resigns"]
[WhiteElo "1765"]
[BlackElo "1867"]
[Opening "QGD Slav: exchange variation"]
[ECO "D13"]
[NIC "SL.02"]
[Time "17:47:17"]
[TimeControl "2400+10"]

1. d4 d5 2. c4 c6 3. cxd5 cxd5 4. Nf3 Nf6 5. Nc3 e6 6. Bg5 Be7 7. e3 Nc6 8.
Bd3 h6 9. Bh4 O-O 10. O-O b6 11. Rc1 Bb7 12. a3 Rc8 13. Bxf6 Bxf6 14. Ne2 g6
15. b4 e5 16. dxe5 Nxe5 17. Nxe5 Bxe5 18. Rxc8 Qxc8 19. Qb3 Qe6 20. Rc1 Rc8
21. Rxc8+ Qxc8 22. Qc2 Qe6 23. h3 Kg7 24. Qa4 Bb8 25. Nd4 Qc8 26. b5 Qc1+
27. Bf1 Qc7 28. g3 Bc8 29. Nc6 Be6 30. Bg2 f6 31. Qd4 Qd6 32. a4 h5 33. h4
Bf7 34. Nxb8 Qxb8 35. Bxd5 Qd6 36. Bxf7 Qxd4 37. exd4 Kxf7 38. f3 Ke6 39.
Kf2 Kd5 40. Ke3 g5 41. g4 gxh4 42. gxh5 h3 43. Kf2 Kxd4 44. h6 Kc4 45. h7
Kb4 46. h8=Q Kxa4 47. Qxf6 Kxb5 48. Kg3 a5 49. Kxh3 a4 50. Qb2+ Ka5 51. f4
b5 52. f5 b4 53. f6 a3 54. Qb3 Kb5 55. f7 {Black resigns} 1-0

[Event "ICC tourney 2097 (40 10)"]
[Site "Internet Chess Club"]
[Date "2020.11.01"]
[Round "4"]
[White "Michaelpu"]
[Black "mnm1"]
[Result "1-0"]
[ICCResult "Black checkmated"]
[WhiteElo "1657"]
[BlackElo "1463"]
[Opening "Sicilian"]
[ECO "B56"]
[NIC "SI.25"]
[Time "17:46:44"]
[TimeControl "2400+10"]

1. e4 c5 2. Nf3 d6 3. d4 cxd4 4. Nxd4 Nf6 5. Nc3 Nc6 6. Be3 Ng4 7. Bb5 Nxe3
8. Nxc6 bxc6 9. Bxc6+ Bd7 10. Bxd7+ Qxd7 11. fxe3 e6 12. Qd2 Be7 13. O-O-O
O-O 14. e5 d5 15. e4 Qd8 16. Qf2 Qa5 17. a3 dxe4 18. Nxe4 Qxe5 19. Qf3 Rab8
20. Nc3 Rfc8 21. Rd3 Qa5 22. h4 Rxb2 23. Kxb2 Qxa3+ 24. Kb1 Rb8+ 25. Nb5
Rxb5+ 26. Rb3 Rxb3+ 27. Qxb3 Qd6 28. Qe3 Qa6 29. Qf3 h6 30. Kb2 Bf6+ 31. c3
Qb5+ 32. Kc2 Qa4+ 33. Kd2 Bxh4 34. Rf1 Bg5+ 35. Kd3 f5 36. Re1 Qb5+ 37. Kc2
Qd5 38. Qxd5 exd5 39. Re5 Bf6 40. Rxd5 f4 41. c4 Kf7 42. Kd3 Ke6 43. Ke4 g5
44. c5 Be7 45. Re5+ Kd7 46. Kd5 Bd8 47. c6+ Kc7 48. Re4 h5 49. Ra4 Kb6 50.
Rb4+ Kc7 51. Rb7+ Kc8 52. Kd6 Bb6 53. Rh7 g4 54. Rh8+ Bd8 55. c7 f3 56.
cxd8=Q+ Kb7 57. Qb8+ Ka6 58. Rxh5 fxg2 59. Qb5# {Black checkmated} 1-0

[Event "ICC tourney 2097 (40 10)"]
[Site "Internet Chess Club"]
[Date "2020.11.01"]
[Round "4"]
[White "SoaringHawk24"]
[Black "mnm2"]
[Result "0-1"]
[ICCResult "White checkmated"]
[WhiteElo "1347"]
[BlackElo "1506"]
[Opening "Sicilian"]
[ECO "B56"]
[NIC "SI.25"]
[Time "17:47:04"]
[TimeControl "2400+10"]

1. e4 c5 2. Nf3 d6 3. d4 cxd4 4. Nxd4 Nf6 5. Nc3 Nc6 6. f3 e5 7. Nb3 Be7 8.
Be3 Be6 9. Qd2 d5 10. exd5 Nxd5 11. Nxd5 Qxd5 12. Qxd5 Bxd5 13. O-O-O O-O-O
14. Bb5 Kc7 15. a3 a6 16. Bxc6 Bxc6 17. Rhe1 Rxd1+ 18. Rxd1 Rd8 19. Rxd8
Bxd8 20. Kd2 Kd6 21. Kd3 f5 22. Nd2 b5 23. b4 Bf6 24. c4 bxc4+ 25. Nxc4+ Ke6
26. Nd2 Bb5+ 27. Kc3 Kd5 28. Nb3 f4 29. Bb6 e4+ 30. Kd2 e3+ 31. Kc2 Bf1 32.
g3 fxg3 33. hxg3 e2 34. Bf2 g5 35. Nc1 h5 36. Kd2 Kc4 37. Nxe2 Bb2 38. Be3
g4 39. f4 Bxa3 40. Ke1 Bg2 41. f5 Bxb4+ 42. Kf2 Bf3 43. Nf4 a5 44. Nxh5 a4
45. f6 a3 46. Bf4 a2 47. Be5 Bc3 48. Bxc3 Kxc3 49. f7 a1=Q 50. f8=Q Qb2+ 51.
Ke3 Qd2# {White checkmated} 0-1

[Event "ICC tourney 2097 (40 10)"]
[Site "Internet Chess Club"]
[Date "2020.11.01"]
[Round "4"]
[White "Dhruti813kob36"]
[Black "USChessNinja"]
[Result "0-1"]
[ICCResult "White checkmated"]
[WhiteElo "1424"]
[BlackElo "1575"]
[Opening "Sicilian: dragon variation"]
[ECO "B70"]
[NIC "SI.15"]
[Time "17:46:43"]
[TimeControl "2400+10"]

1. e4 c5 2. Nf3 d6 3. d4 cxd4 4. Nxd4 Nf6 5. Nc3 g6 6. Bg5 Bg7 7. Qd2 O-O 8.
O-O-O Nc6 9. Nb3 a6 10. f3 b5 11. g4 b4 12. Nd5 Nxd5 13. exd5 Ne5 14. Be2
Qc7 15. Qxb4 a5 16. Qd2 a4 17. Nd4 Bb7 18. Nb5 Qd7 19. h4 Rfc8 20. Kb1 Nxf3
21. Qe3 Ne5 22. h5 Nxg4 23. Qf4 Ne5 24. hxg6 fxg6 25. Bh6 Rf8 26. Qh4 Rf7
27. Bxg7 Rxg7 28. c4 Qf5+ 29. Ka1 g5 30. Qh5 Bc8 31. Rdf1 Qg6 32. Qh2 Qc2
33. Nd4 Qd2 34. Rd1 Qe3 35. Rhe1 Qf4 36. Qg2 a3 37. b3 Qe3 38. Nb5 Bh3 39.
Qh2 Bd7 40. Bd3 Qc5 41. Rh1 Nxd3 42. Rxd3 Bxb5 43. cxb5 Qxb5 44. Rh3 Qxd5
45. Rxh7 Qd4+ 46. Kb1 Qe4+ 47. Kc1 Rxh7 48. Qxh7+ Qxh7 49. Rxh7 Kxh7 50. Kc2
g4 51. Kc3 g3 52. Kc4 g2 53. Kd5 g1=Q 54. Ke6 Qg6+ 55. Kxe7 Ra7+ 56. Kd8
Qg8# {White checkmated} 0-1

[Event "ICC tourney 2097 (40 10)"]
[Site "Internet Chess Club"]
[Date "2020.11.01"]
[Round "4"]
[White "raremystery"]
[Black "loveEdinburgh"]
[Result "0-1"]
[ICCResult "White checkmated"]
[WhiteElo "1666"]
[BlackElo "1861"]
[Opening "Sicilian: accelerated fianchetto, modern variation with Bc4"]
[ECO "B35"]
[NIC "SI.43"]
[Time "17:46:44"]
[TimeControl "2400+10"]

1. e4 c5 2. Nf3 g6 3. d4 cxd4 4. Nxd4 Bg7 5. Nc3 Nc6 6. Be3 Nf6 7. Bc4 Qa5
8. O-O O-O 9. Bb3 d6 10. h3 Bd7 11. Re1 a6 12. Rb1 Rac8 13. Nxc6 bxc6 14.
Bd2 Qc7 15. Qf3 c5 16. Bc4 Ra8 17. Nd5 Nxd5 18. Bxd5 Bc6 19. Bxc6 Qxc6 20.
Bc3 Bxc3 21. Qxc3 Rac8 22. Qc4 Rfd8 23. Qd5 Qxd5 24. exd5 Re8 25. Rbd1 Rcd8
26. f4 e6 27. c4 exd5 28. Rxe8+ Rxe8 29. Rxd5 Re2 30. Rxd6 Rxb2 31. Rxa6 Rb4
32. Rc6 Rxc4 33. g3 Ra4 34. Rxc5 Rxa2 35. Rc3 Kg7 36. Rf3 Kf6 37. Rf2 Rxf2
38. Kxf2 Ke6 39. Ke2 Kd5 40. Kd3 f5 41. g4 h6 42. Ke3 Kc4 43. Kf3 Kd3 44. h4
h5 45. g5 Kd4 46. Kf2 Ke4 47. Kg3 Ke3 48. Kg2 Kxf4 49. Kf2 Kg4 50. Kg2 Kxh4
51. Kh2 Kxg5 52. Kg3 f4+ 53. Kg2 Kg4 54. Kg1 Kg3 55. Kh1 Kf2 56. Kh2 Ke2 57.
Kh3 f3 58. Kh4 f2 59. Kg5 f1=Q 60. Kh6 Qf6 61. Kh7 g5 62. Kg8 Qe7 63. Kh8 h4
64. Kg8 g4 65. Kh8 h3 66. Kg8 g3 67. Kh8 h2 68. Kg8 g2 69. Kh8 h1=Q+ 70. Kg8
g1=Q# {White checkmated} 0-1